 Dungeon Crawl Stone Soup version 0.13-a0-2133-ge955d09 (webtiles) character file.

258400 JacquesDerrida the Wrestler (level 21, -5/172 (180) HPs)
             Began as a Gargoyle Monk on June 27, 2013.
             Was the Champion of Nemelex Xobeh.
             Slain by a deep troll earth mage (22 damage)
             ... led by an ironheart preserver
             ... on Level 2 of the Vaults on June 28, 2013.
             The game lasted 04:10:50 (55011 turns).

JacquesDerrida the Wrestler (Gargoyle Monk)        Turns: 55011, Time: 04:10:51

HP  -5/172 (180) AC 19     Str 20      XL: 21   Next: 41%
MP  27/36        EV 24     Int 13      God: Nemelex Xobeh [******]
Gold 2013        SH 13     Dex 19      Spells:  3 memorised, 34 levels left

Res.Fire  : + + +   See Invis. : .     - Unarmed
Res.Cold  : + . .   Warding    : .   D - +3 salamander hide armour {+Rage rF++}
Life Prot.: + . .   Conserve   : +   W - +0 buckler {rF+}
Res.Poison: .       Res.Corr.  : .   V - +0 winged helmet
Res.Elec. : .       Clarity    : .   o - +1 cloak {MR+}
Sust.Abil.: . .     Spirit.Shd : .   h - +1 pair of gauntlets
Res.Mut.  : .       Stasis     : .   C - +2 pair of boots {run}
Res.Rott. : .       Flight     : .   f - amulet of conservation
Saprovore : . . .                    u - ring "Kebias" {Acc+6 Dam+5 Stlth+}
                                     s - +4 ring of dexterity

@: stone skin, quick, very resistant to hostile enchantments, quite stealthy
A: fangs 1, talons 2, cold resistance 1, life protection 1, slow metabolism 1,
petrification resistance, trample resistance
a: Draw One, Peek at Two, Triple Draw, Deal Four, Stack Five, Renounce Religion,
Evoke Berserk Rage


You were on level 2 of the Vaults.
You worshipped Nemelex Xobeh.
Nemelex Xobeh was exalted by your worship.
You were not hungry.

You visited 5 branches of the dungeon, and saw 41 of its levels.
You also visited: Labyrinth.

You collected 3752 gold pieces.
You spent 1739 gold pieces at shops.

Inventory:

Armour
 h - a +1 pair of gauntlets (worn)
 o - a +1 cloak of magic resistance (worn)
 C - a +2 pair of boots of running (worn)
 D - the +3 salamander hide armour (worn) {+Rage rF++}
   (You bought it in a shop on level 4 of the Orcish Mines)

   It greatly protects you from fire.
   It lets you go berserk.
 V - a +0 winged helmet (worn)
 W - a +0 buckler of fire resistance (worn)
Magical devices
 l - a wand of flame (6)
 q - a wand of teleportation (7)
 B - a wand of digging (14)
 E - a wand of digging (14)
 I - a wand of confusion (19)
Comestibles
 b - 5 bread rations
 L - a pear
Scrolls
 g - a scroll of amnesia
 p - 2 scrolls of fog
 v - 4 scrolls of identify
 y - 6 scrolls of teleportation
 z - 3 scrolls of magic mapping
 A - a scroll of enchant weapon I
 N - 2 scrolls of vulnerability
Jewellery
 f - an amulet of conservation (around neck)
 k - an uncursed ring of see invisible
 s - a +4 ring of dexterity (left hand)
 t - an uncursed ring of teleport control
 u - the ring "Kebias" (right hand) {Acc+6 Dam+5 Stlth+}
   (You found it in a labyrinth)

   [ring of slaying]

   It affects your accuracy (+6).
   It affects your damage-dealing abilities (+5).
   It makes you much more stealthy.
 w - an uncursed ring of flight
 K - an uncursed amulet of resist mutation
Potions
 e - 5 potions of curing
 i - a potion of speed
 j - a potion of agility
 m - 3 potions of heal wounds
 G - 2 potions of restore abilities
 P - a potion of magic
 S - a potion of invisibility
 U - 3 potions of might
Books
 J - a book of Geomancy

   Spells                             Type                      Level
   Sandblast                          Earth                        1
   *Stoneskin                         Transmutation/Earth          2
   Passwall                           Transmutation/Earth          3
   Stone Arrow                        Conjuration/Earth            3
   Petrify                            Transmutation/Earth          4
   Lee's Rapid Deconstruction         Earth                        5
Miscellaneous
 a - a fan of gales
 c - a lantern of shadows
 d - an ornate deck of destruction {drawn: 1}
 r - a legendary deck of destruction
 x - a box of beasts
 F - an ornate deck of summonings {drawn: 6}
 H - an ornate deck of summonings {drawn: 1}
 M - an ornate deck of summonings {drawn: 1}
 O - a legendary deck of summonings {drawn: 7}


   Skills:
 - Level 14.5 Fighting
   Level 1.0 Short Blades
 - Level 6.0 Armour
 + Level 14.5 Dodging
 - Level 4.0 Stealth
 - Level 5.9 Shields
 - Level 22.6 Unarmed Combat
 + Level 10.2 Spellcasting
 + Level 10.5 Charms
 - Level 10.3 Earth Magic
 - Level 12.3 Evocations


You had 34 spell levels left.
You knew the following spells:

 Your Spells              Type           Power        Failure   Level  Hunger
a - Infusion              Chrm           ####..       1%          1    None
b - Regeneration          Chrm/Necr      ###.......   4%          3    ##.....
c - Stoneskin             Trmt/Erth      ###.......   1%          2    None


Dungeon Overview and Level Annotations

Branches:
Dungeon (26/27)            Temple (1/1) D:6             Orc (4/4) D:10
    Elf (0/3) Orc:4          Lair (8/8) D:8           Swamp (0/5) Lair:3
  Snake (0/5) Lair:5       Vaults (2/5) D:16         Forest (0/5) Vaults:2
  Slime: Lair:6-8

Altars:
Cheibriados
Elyvilon
Kikubaaqudgha
Makhleb
Nemelex Xobeh
Okawaru
Trog
Yredelemnul
Zin
the Shining One
Beogh
Lugonu

Shops:
D:6: [ D:12: (*! D:14: ( D:18: [ D:19: (} Orc:4: *[=[

Portals:
Hell: D:21* D:22 D:23 D:24 D:25
Abyss: D:21 D:22 D:25
Pandemonium: D:21 D:24
Trove: D:24 (give 19 scrolls of identify)

Annotations
D:4 exclusion: troll, Edmund; smajdalf's ghost, average DrCj
D:15 exclusion: silver statue
D:22 exclusion: orange crystal statue
D:26 Jorgrun
Lair:8 exclusion: 2 oklob plants


Innate Abilities, Weirdness & Mutations

You have very sharp teeth.
You have razor-sharp toenails.
Your flesh is cold resistant.
You resist negative energy.
You have a slow metabolism.
You are immune to petrification.
You are resistant to trampling.


Message History

The ironheart preserver hits your griffon with an orcish flail!
Read which item? (? for menu, Esc to quit)
Okay, then.
Use which ability? (? or * to list) Triple draw from which deck? (? for menu, Esc to quit)
You draw... (choose one card, ? for their descriptions)
A - the Dance
B - the Pentagram
C - the Pentagram You feel somewhat more hungry.
You block the deep troll shaman's attack.
The deep troll shaman completely misses you.
The deep troll shaman claws you.
* * * LOW HITPOINT WARNING * * *
Your griffon bites the agate snail!
Your griffon pecks the agate snail.
Your griffon claws the agate snail!
You block the deep troll earth mage's attack.
The deep troll earth mage claws you!
You die...
Your body glows with a rainbow of weird colours and disappears.

........#..#
........#..#
.........#..#
###########'#..#
...............#
...............#
................#
####...........#
#...T@......#
#...2T§.....#
#....H§.....#
#....j@.....#
#...........#
#...........#
#...........#
#...........#
#####......


You could see an agate snail, an ironheart preserver, a deep troll earth mage, a
deep troll shaman, a friendly griffon and a friendly shadow demon.

Vanquished Creatures
  An ancient lich (D:25)
  Mara (D:25)
  Jory (D:20)
  Frederick (D:20)
  A tentacled monstrosity (D:24)
  A shadow dragon (D:24)
  A sphinx (D:24)
  A tengu reaver (D:25)
  Frances (D:20)
  Donald (Lab)
  5 frost giants
  Maud (Lair:5)
  Wiglaf (D:18)
  8 stone giants
  2 fire giants
  2 elemental wellsprings (D:22)
  20 yaktaur captains
  A minotaur (Lab)
  An ettin (D:24)
  A great orb of eyes (D:24)
  An ironheart preserver (Vaults:1)
  3 dragons
  4 hydras
  A ravenous feature mimic (D:24)
  A rakshasa (D:17)
  4 deep troll shamans
  A sphinx zombie (D:19)
  2 deep troll earth magi
  17 death yaks (Lair:8)
  13 ogre magi
  A wolf spider zombie (D:15)
  A stone giant zombie (D:21)
  3 dancing weapons (D:22)
  A frost giant zombie (D:19)
  A very ugly thing (D:20)
  Nergalle (Lair:5)
  8 stone giant skeletons
  14 centaur warriors
  4 fire giant skeletons
  10 orc high priests
  A frost giant skeleton (Vaults:1)
  A sun demon (D:20)
  13 deep trolls
  4 catoblepae
  3 iron trolls
  8 skeletal warriors
  3 deep elf knights
  An ice devil (Orc:4)
  4 unseen horrors
  12 orc knights
  4 flayed ghosts
  An iron troll zombie (D:18)
  A harpy zombie (D:15)
  An ice statue (Orc:2)
  4 harpies (D:25)
  A lindwurm (D:26)
  9 hill giants
  2 wizards (D:20)
  3 giant amoebae
  12 griffons
  A red wasp (D:23)
  A hydra zombie (D:16)
  An ironbrand convoker (Vaults:1)
  A guardian serpent (shapeshifter) (D:21)
  3 orc sorcerers
  4 phantasmal warriors
  7 wolf spiders
  A red wasp zombie (Vaults:1)
  2 harpy skeletons (D:17)
  Maurice (Orc:3)
  4 spectral orcs
  A hydra skeleton (D:17)
  A stone golem (D:20)
  4 black mambas
  12 cyclopes
  2 ettin zombies
  2 elephant slugs
  A griffon zombie (D:17)
  4 fire crabs
  A dragon skeleton (D:19)
  2 orange demons
  52 slime creatures
  9 spiny frogs
  2 spiny worm zombies (D:18)
  A sixfirhy (Vaults:1)
  A griffon skeleton (D:19)
  6 elephants (Lair:7)
  A spiny frog (shapeshifter) (D:19)
  34 yaktaurs
  37 ugly things
  5 komodo dragons
  A hill giant skeleton (D:16)
  Sonja (Orc:3)
  A komodo dragon (shapeshifter) (D:20)
  2 red devils
  2 deep troll zombies (D:21)
  13 trolls
  21 two-headed ogres
  18 blink frogs
  2 grizzly bears
  2 deep troll skeletons
  A grizzly bear (shapeshifter) (D:20)
  2 baby alligators (shapeshifter) (D:23)
  A giant firefly (Lair:5)
  A jumping spider (D:21)
  A tarantella (shapeshifter) (D:21)
  6 water elementals
  A wraith (D:20)
  A merfolk (D:10)
  4 basilisks
  5 sharks
  A hog (D:20)
  A vampire (D:17)
  2 chaos spawn (Vaults:1)
  48 yaks
  A fire crab zombie (D:19)
  6 shadows
  A deep elf conjurer (D:24)
  A ynoxinul (Vaults:1)
  2 wyverns
  5 deep elf fighters
  A trapdoor spider (shapeshifter) (D:24)
  A hippogriff (shapeshifter) (D:18)
  6 hippogriffs
  2 neqoxecs (Orc:4)
  A redback (shapeshifter) (D:19)
  A clay golem (D:17)
  A spiny worm simulacrum (Vaults:1)
  A yaktaur zombie (D:17)
  A hungry ghost (D:17)
  3 fire drakes
  2 redbacks (D:21)
  5 trapdoor spiders
  2 necrophages
  2 manticores
  2 soldier ants
  6 boulder beetles
  9 vampire mosquitoes
  3 wolves
  A wandering mushroom (D:8)
  A manticore zombie (D:12)
  A mottled dragon (D:12)
  A cyclops zombie (D:14)
  8 porcupines
  33 orc warriors
  2 sky beasts
  3 deep elf priests
  A cyclops skeleton (D:10)
  A yaktaur skeleton (D:20)
  4 black bears
  3 slaves (D:7)
  A hippogriff zombie (D:12)
  6 hell hounds
  A wyvern skeleton (D:12)
  2 boulder beetle zombies
  A yak zombie (D:10)
  2 phantoms
  6 ice beasts
  12 crocodiles
  A freezing wraith (D:21)
  3 big kobolds
  3 nagas (Lair:5)
  4 rotting devils
  3 boring beetles
  54 ogres
  A troll skeleton (D:15)
  10 centaurs
  A brain worm (shapeshifter) (D:23)
  3 deep elf magi
  11 giant slugs
  14 water moccasins
  2 yak skeletons
  16 wargs
  3 brain worms
  21 giant frogs
  A silver statue (Lair:4)
  A gnoll sergeant (D:9)
  10 agate snails
  A giant frog skeleton (D:5)
  2 insubstantial wisps (D:20)
  A centaur skeleton (D:9)
  16 wights
  6 eyes of draining
  A killer bee zombie (D:13)
  An electric eel (D:14)
  14 killer bees
  2 goliath beetles (D:15)
  6 crimson imps
  A hound zombie (D:7)
  A big kobold skeleton (D:10)
  3 big fish
  37 orc priests
  10 hounds
  20 orc wizards
  7 worker ants
  3 deep elf soldiers
  7 iguanas
  3 scorpions
  22 sheep
  11 boggarts
  5 jellies
  A goliath beetle zombie (D:12)
  7 gnolls
  23 adders
  An adder skeleton (D:6)
  29 green rats
  3 giant centipedes
  2 giant mites
  8 worms
  A giant eyeball (D:4)
  2 gnoll zombies
  5 giant geckos
  13 oozes
  179 orcs
  3 ball pythons
  A ball python (shapeshifter) (D:23)
  6 giant cockroaches
  12 goblins
  22 hobgoblins
  20 jackals
  13 quokkas
  18 bats
  5 giant newts
  3 giant spores
  4 illusory rakshasas (D:17)
  36 kobolds
  An orc zombie (D:10)
  18 rats
  A rat skeleton (D:5)
  10 ballistomycetes
  3 fungi
1520 creatures vanquished.

Vanquished Creatures (collateral kills)
  A bone dragon (D:20)
  Rupert (Lair:5)
  Aizul (Vaults:1)
  2 stone giants
  A yaktaur captain (Vaults:1)
  2 hydras
  3 death yaks (Lair:8)
  A very ugly thing (D:21)
  A skeletal warrior (Vaults:1)
  2 unseen horrors (D:16)
  An ice devil (Vaults:1)
  An orc knight (Orc:3)
  Pikel (D:7)
  An ironbrand convoker (Vaults:1)
  A hill giant (D:13)
  2 spiny worms
  An elephant (Lair:7)
  3 yaktaurs (D:18)
  A slime creature (D:21)
  Psyche (D:9)
  8 ugly things
  A two-headed ogre (D:22)
  A grizzly bear (Lair:5)
  A water elemental (D:22)
  2 yaks
  A wolf (D:22)
  2 mottled dragons (D:16)
  A hell hound (D:22)
  A giant goldfish (D:22)
  A black bear (D:9)
  An ogre (D:22)
  A naga (Lair:5)
  A big kobold (D:13)
  A crocodile (Lair:7)
  A yellow wasp zombie (D:9)
  Blork the orc (D:7)
  An insubstantial wisp (D:16)
  A vampire bat (D:20)
  A goliath beetle (D:7)
  7 orc priests
  An orange rat (D:13)
  A quasit (D:7)
  An iguana (Lair:5)
  An iron imp (Lair:4)
  3 orc wizards
  8 jellies
  4 green rats (Lair:2)
  10 orcs
  2 goblins (Orc:4)
  A hobgoblin (D:7)
  6 jackals
  4 oozes (D:16)
  A giant newt (D:3)
  2 kobolds
  A rat (Lair:2)
  2 fungi (Lair:7)
111 creatures vanquished.

Vanquished Creatures (others)
  A Shadow Fiend (D:20)
  An ogre mage (D:24)
  4 very ugly things
  A deep troll shaman (D:25)
  A frost giant skeleton (D:23)
  A fire giant skeleton (D:21)
  9 dancing weapons
  3 skeletal warriors
  5 griffons
  2 air elementals
  3 spiny frogs
  4 vapours
  8 ugly things
  A komodo dragon (D:21)
  A deep troll zombie (D:20)
  A grizzly bear (D:21)
  3 wolves (D:22)
  2 hogs (D:22)
  A yak (Lair:8)
  A chaos spawn (Orc:3)
  2 orc warriors
  A slave (D:7)
  An ogre (D:24)
  3 insubstantial wisps
  An agate snail (D:13)
  A crimson imp (D:6)
  An iron imp (Lair:8)
  3 orc priests
  8 orange rats
  2 orc wizards (Vaults:1)
  5 hounds
  A deep elf soldier (D:20)
  A lemure (Vaults:1)
  A shadow imp (D:13)
  8 orcs
  A goblin (D:6)
  A giant cockroach (D:8)
  A giant spore (D:12)
  An illusory rakshasa (D:17)
  A kobold (D:9)
  3 rats
  16 fungi
  4 plants
120 creatures vanquished.

Grand Total: 1751 creatures vanquished

Notes
Turn   | Place    | Note
--------------------------------------------------------------
     0 | D:1      | JacquesDerrida, the Gargoyle Monk, began the quest for the Orb.
     0 | D:1      | Reached XP level 1. HP: 17/17 MP: 0/0
    42 | D:1      | Reached XP level 2. HP: 14/24 MP: 1/1
   205 | D:1      | Reached skill level 5 in Unarmed Combat
   509 | D:1      | Reached XP level 3. HP: 25/30 MP: 2/2
   915 | D:2      | Reached skill level 6 in Unarmed Combat
   915 | D:2      | Reached XP level 4. HP: 20/37 MP: 3/3
  1910 | D:3      | Reached XP level 5. HP: 39/44 MP: 4/4
  2289 | D:4      | Reached skill level 7 in Unarmed Combat
  2460 | D:4      | Noticed a troll
  2581 | D:4      | Found a basalt altar of Yredelemnul.
  2593 | D:4      | Noticed smajdalf's ghost (average DrCj)
  2607 | D:4      | Found an ancient bone altar of Kikubaaqudgha.
  2609 | D:4      | Found a white marble altar of Elyvilon.
  2665 | D:4      | Noticed Edmund
  2953 | D:5      | Entered Level 5 of the Dungeon
  3272 | D:5      | Reached XP level 6. HP: 50/50 MP: 5/5
  3394 | D:5      | Reached skill level 8 in Unarmed Combat
  3524 | D:5      | Noticed an ice beast
  3547 | D:5      | Killed an ice beast
  4084 | D:6      | Found Stea's Antique Armour Boutique.
  4097 | D:6      | Bought a helmet for 70 gold pieces
  4097 | D:6      | Bought a pair of orcish boots for 33 gold pieces
  4113 | D:6      | Found a staircase to the Ecumenical Temple.
  4149 | Temple   | Entered the Ecumenical Temple
  4236 | Temple   | Became a worshipper of Nemelex Xobeh
  4236 | Temple   | Received a gift from Nemelex Xobeh
  4236 | Temple   | Acquired Nemelex Xobeh's first power
  4253 | Temple   | Acquired Nemelex Xobeh's second power
  4294 | Temple   | Received a gift from Nemelex Xobeh
  4297 | Temple   | Gained mutation: Your spells are a little harder to cast, but a little more powerful. [helix card]
  4299 | Temple   | Lost mutation: Your spells are a little harder to cast, but a little more powerful. [helix card]
  4299 | Temple   | Gained mutation: You have claws for feet. [helix card]
  4302 | Temple   | Reached skill level 5 in Evocations
  4302 | Temple   | Reached XP level 7. HP: 56/56 MP: 3/12
  4303 | Temple   | Lost mutation: You have claws for feet. [helix card]
  4303 | Temple   | Gained mutation: You are dopey (Int -1). [helix card]
  4432 | D:6      | Reached skill level 1 in Short Blades
  4432 | D:6      | Reached skill level 9 in Unarmed Combat
  4466 | D:6      | Received a gift from Nemelex Xobeh
  4468 | D:6      | Noticed a yak
  4473 | D:6      | Killed a yak
  4528 | D:6      | Acquired Nemelex Xobeh's third power
  4565 | D:6      | Reached XP level 8. HP: 56/63 MP: 14/14
  4649 | D:6      | Received a gift from Nemelex Xobeh
  5060 | D:7      | Reached skill level 10 in Unarmed Combat
  5265 | D:7      | Noticed Blork the orc
  5273 | D:7      | Killed Blork the orc
  5509 | D:7      | Noticed Pikel
  5533 | D:7      | Noticed a white ugly thing
  5541 | D:7      | Killed Pikel
  5541 | D:7      | Reached XP level 9. HP: 38/69 MP: 12/15
  5597 | D:7      | Reached skill level 11 in Unarmed Combat
  5803 | D:7      | Got a scintillating lapis lazuli ring
  5899 | D:7      | Acquired Nemelex Xobeh's fourth power
  6446 | D:8      | Found a staircase to the Lair.
  6451 | D:8      | Noticed a wandering mushroom
  6474 | D:8      | Killed a wandering mushroom
  6543 | Lair:1   | Entered Level 1 of the Lair of Beasts
  6566 | Lair:1   | Identified the ring of Biud Medeu {+Inv Str+2 Int-4} (You took it off a hobgoblin on level 7 of the Dungeon)
  6579 | Lair:1   | Lost mutation: You are dopey (Int -1). [potion of cure mutation]
  7346 | D:8      | Found an iron altar of Okawaru.
  7377 | D:8      | Received a gift from Nemelex Xobeh
  7757 | Lair:1   | Noticed a komodo dragon
  7762 | Lair:1   | Killed a komodo dragon
  7876 | Lair:1   | Noticed a black mamba
  7931 | Lair:1   | Killed a black mamba
  7931 | Lair:1   | Reached skill level 12 in Unarmed Combat
  7931 | Lair:1   | Reached XP level 10. HP: 73/73 MP: 17/19
  8176 | Lair:1   | Noticed a komodo dragon
  8184 | Lair:1   | Killed a komodo dragon
  8187 | Lair:1   | Received a gift from Nemelex Xobeh
  8386 | D:8      | HP: 3/73 [yak (9)]
  8968 | D:9      | Noticed Psyche
  8978 | D:9      | Killed Psyche
  9073 | D:9      | Reached skill level 13 in Unarmed Combat
  9553 | D:10     | Entered Level 10 of the Dungeon
  9685 | D:10     | Reached skill level 5 in Fighting
 10018 | D:10     | Found a staircase to the Orcish Mines.
 10045 | D:10     | Received a gift from Nemelex Xobeh
 10602 | D:10     | Reached XP level 11. HP: 78/82 MP: 21/21
 11322 | D:11     | Noticed a hill giant
 11323 | D:11     | Killed a hill giant
 11382 | D:11     | Reached skill level 14 in Unarmed Combat
 11821 | D:12     | Found Prapnop's Distillery.
 11827 | D:12     | Bought a potion of heal wounds for 42 gold pieces
 11827 | D:12     | Bought a potion of might for 35 gold pieces
 11827 | D:12     | Bought a potion of invisibility for 77 gold pieces
 11906 | D:12     | Found Pnupha's General Store.
 12060 | D:12     | Noticed a seven-headed hydra
 12062 | D:12     | Acquired Nemelex Xobeh's fifth power
 12387 | D:12     | Noticed an unseen horror
 12394 | D:12     | Killed an unseen horror
 12394 | D:12     | Reached skill level 15 in Unarmed Combat
 12803 | D:12     | Received a gift from Nemelex Xobeh
 13015 | D:12     | Killed a seven-headed hydra
 13136 | D:12     | Found Yxaep's Antique Weapon Shoppe.
 13252 | D:13     | Reached skill level 16 in Unarmed Combat
 13606 | D:13     | Noticed a hill giant
 13629 | D:13     | Killed a hill giant
 13667 | D:13     | Noticed an unseen horror
 13672 | D:13     | Killed an unseen horror
 13975 | D:13     | Reached XP level 12. HP: 37/90 MP: 23/23
 14233 | D:13     | Noticed a stone giant
 14238 | D:13     | Received a gift from Nemelex Xobeh
 14247 | D:13     | Noticed a white very ugly thing
 14260 | D:13     | Killed a stone giant
 14260 | D:13     | Reached skill level 17 in Unarmed Combat
 14406 | D:13     | Noticed an unseen horror
 14412 | D:13     | Killed an unseen horror
 14609 | D:13     | Paralysed by a red wasp for 3 turns
 15167 | D:13     | Noticed a deep elf annihilator
 15167 | D:13     | Noticed a yaktaur captain
 15644 | Lair:1   | Received a gift from Nemelex Xobeh
 15686 | Lair:1   | Received a gift from Nemelex Xobeh
 16784 | Lair:2   | Received a gift from Nemelex Xobeh
 16904 | Lair:2   | Found a labyrinth entrance.
 16931 | Lab      | Entered a labyrinth
 17055 | Lab      | Noticed Donald
 17077 | Lab      | Received a gift from Nemelex Xobeh
 17078 | Lab      | Killed Donald
 17078 | Lab      | Reached skill level 10 in Dodging
 17329 | Lab      | Noticed a minotaur
 17361 | Lab      | Killed a minotaur
 17365 | Lab      | Received a gift from Nemelex Xobeh
 17392 | Lab      | Got an ancient glaive
 17392 | Lab      | Got a smoking pewter ring
 17393 | Lab      | Identified the ring "Kebias" {Acc+6 Dam+5 Stlth+} (You found it in a labyrinth)
 17393 | Lab      | Identified the +10,-1 glaive "Qoishritt" {chop, rElec rN+ MR++ SInv} (You found it in a labyrinth)
 17716 | D:8      | Received a gift from Nemelex Xobeh
 18315 | Lair:3   | Noticed an eight-headed hydra
 18746 | Lair:3   | Found a staircase to the Swamp.
 18765 | Lair:3   | Killed an eight-headed hydra
 18765 | Lair:3   | Reached skill level 5 in Shields
 18852 | Lair:3   | Reached XP level 13. HP: 85/96 MP: 24/24
 18975 | Lair:3   | Received a gift from Nemelex Xobeh
 19633 | Lair:5   | Noticed Nergalle
 19875 | Lair:5   | Noticed a four-headed hydra
 19880 | Lair:5   | Received a gift from Nemelex Xobeh
 19890 | Lair:5   | Killed a four-headed hydra
 19955 | Lair:5   | Killed Nergalle
 19955 | Lair:5   | Reached skill level 10 in Evocations
 20204 | Lair:5   | Found a staircase to the Snake Pit.
 20241 | Lair:5   | Noticed Rupert
 20256 | Lair:5   | Received a gift from Nemelex Xobeh
 20287 | Lair:5   | Killed Rupert
 20518 | Lair:5   | Noticed Maud
 20542 | Lair:5   | Killed Maud
 20822 | Lair:5   | Received a gift from Nemelex Xobeh
 21147 | Lair:1   | Received a gift from Nemelex Xobeh
 21983 | Lair:6   | Noticed a four-headed hydra
 21990 | Lair:6   | Killed a four-headed hydra
 21996 | Lair:6   | Reached skill level 10 in Fighting
 22685 | Lair:7   | Learned a level 1 spell: Infusion
 22701 | Lair:7   | Learned a level 3 spell: Regeneration
 22744 | Lair:7   | Reached skill level 1 in Spellcasting
 22744 | Lair:7   | Reached skill level 1 in Charms
 22749 | Lair:7   | Reached XP level 14. HP: 84/113 MP: 28/28
 23275 | Lair:8   | Entered Level 8 of the Lair of Beasts
 23401 | Lair:8   | Received a gift from Nemelex Xobeh
 24028 | Lair:8   | Reached skill level 1 in Armour
 24451 | Lair:8   | Reached skill level 5 in Charms
 25262 | Lair:8   | Reached skill level 5 in Armour
 25277 | Lair:8   | Received a gift from Nemelex Xobeh
 25857 | Lair:8   | Received a gift from Nemelex Xobeh
 25952 | Lair:8   | Reached XP level 15. HP: 120/120 MP: 29/29
 26559 | Orc:1    | Entered Level 1 of the Orcish Mines
 27274 | Orc:2    | Received a gift from Nemelex Xobeh
 27373 | Orc:3    | Noticed Sonja
 27373 | Orc:3    | Noticed Maurice
 27374 | Orc:3    | Killed Sonja
 27383 | Orc:3    | Killed Maurice
 28238 | Orc:3    | Received a gift from Nemelex Xobeh
 28242 | Orc:3    | Got a pair of bloodstained boots
 28243 | Orc:3    | Identified the -6 pair of boots of Mytobby {Acc+5} (You drew the Genie on level 3 of the Orcish Mines)
 28289 | Orc:3    | Received a gift from Nemelex Xobeh
 28688 | Orc:3    | Found a roughly hewn altar of Beogh.
 28775 | Orc:4    | Entered Level 4 of the Orcish Mines
 28922 | Orc:4    | Found Omaafal's Jewellery Boutique.
 29076 | Orc:4    | Found Grenixt's Armour Emporium.
 29088 | Orc:4    | Bought a +2 pair of gauntlets for 207 gold pieces
 29088 | Orc:4    | Bought a +1 pair of boots of running for 229 gold pieces
 29088 | Orc:4    | Bought the +3 salamander hide armour {+Rage rF++} for 799 gold pieces
 29163 | Orc:4    | Found a staircase to the Elven Halls.
 29840 | Orc:4    | Found a roughly hewn altar of Beogh.
 29864 | Orc:4    | Found Cynkoupa's General Store.
 29864 | Orc:4    | Found Sebba's Antique Armour Emporium.
 29872 | Orc:4    | Bought a potion of heal wounds for 42 gold pieces
 29916 | Orc:4    | Reached skill level 18 in Unarmed Combat
 30288 | D:14     | Entered Level 14 of the Dungeon
 30564 | D:14     | Found Nehedit's Weapon Shop.
 30907 | D:15     | Entered Level 15 of the Dungeon
 30939 | D:15     | Got a warped whip
 30940 | D:15     | Identified the cursed whip "Weojomp" {slash, rF+ Str-1 Dex+3 SInv} (You found it on level 15 of the Dungeon)
 31683 | D:16     | Found a staircase to the Vaults.
 31707 | D:16     | Received a gift from Nemelex Xobeh
 31750 | D:16     | Found a glowing silver altar of Zin.
 31951 | D:16     | Reached skill level 19 in Unarmed Combat
 32775 | D:17     | Reached XP level 16. HP: 81/129 MP: 30/30
 33477 | D:17     | Reached skill level 20 in Unarmed Combat
 33841 | D:17     | Found a glowing silver altar of Zin.
 33842 | D:17     | Noticed an angel
 33873 | D:17     | Noticed a stone giant
 33876 | D:17     | Received a gift from Nemelex Xobeh
 33885 | D:17     | Killed a stone giant
 34843 | D:18     | Noticed Wiglaf
 34851 | D:18     | Reached skill level 21 in Unarmed Combat
 34863 | D:18     | Killed Wiglaf
 34928 | D:18     | Found Crode's Antique Armour Emporium.
 34958 | D:18     | Bought a dull robe for 205 gold pieces
 34961 | D:18     | Received a gift from Nemelex Xobeh
 34969 | D:18     | Identified the cursed -4 robe of a bazaar {rN+} (You bought it in a shop on level 18 of the Dungeon)
 35055 | D:18     | Found a glowing silver altar of Zin.
 35181 | D:18     | Received a gift from Nemelex Xobeh
 35504 | D:19     | Found a glowing silver altar of Zin.
 35782 | D:19     | Found Sucuf's Gadget Shop.
 35783 | D:19     | Found Ubeamp's Weapon Emporium.
 35981 | D:19     | Reached XP level 17. HP: 88/136 MP: 31/31
 36030 | D:19     | Reached skill level 22 in Unarmed Combat
 36341 | D:19     | Found a glowing golden altar of the Shining One.
 36391 | D:19     | Received a gift from Nemelex Xobeh
 36741 | D:19     | Found a snail-covered altar of Cheibriados.
 36929 | D:19     | Received a gift from Nemelex Xobeh
 37407 | D:20     | Entered Level 20 of the Dungeon
 37437 | D:20     | Noticed Frederick
 37869 | D:20     | Killed Frederick
 38016 | D:20     | Noticed Frances
 38527 | D:20     | Received a gift from Nemelex Xobeh
 39400 | D:20     | Killed Frances
 39445 | D:20     | Received a gift from Nemelex Xobeh
 39492 | D:20     | Identified the Volume of Transformation and the Mountains (You found it on level 20 of the Dungeon)
 39496 | D:20     | Learned a level 2 spell: Stoneskin
 39641 | D:20     | Noticed Jory
 39657 | D:20     | Noticed a bone dragon
 39726 | D:20     | Killed a bone dragon
 39836 | D:20     | Killed Jory
 40197 | D:21     | Found a gateway to Hell.
 40255 | D:21     | Found a one-way gate to the infinite horrors of the Abyss.
 40283 | D:21     | Reached skill level 5 in Earth Magic
 40502 | D:21     | Reached XP level 18. HP: 78/148 MP: 32/32
 40780 | D:21     | Received a gift from Nemelex Xobeh
 41102 | D:21     | Found a one-way gate leading to the halls of Pandemonium.
 41541 | D:21     | Received a gift from Nemelex Xobeh
 42029 | D:21     | Found an iron altar of Okawaru.
 42190 | D:22     | Paralysed by the power of Zot for 4 turns
 42519 | D:21     | Received a gift from Nemelex Xobeh
 42656 | D:21     | Reached skill level 5 in Spellcasting
 43965 | D:22     | Reached skill level 10 in Earth Magic
 44384 | D:23     | Reached XP level 19. HP: 74/153 MP: 30/32
 44704 | D:23     | Received a gift from Nemelex Xobeh
 45732 | D:24     | Received a gift from Nemelex Xobeh
 45939 | D:24     | Found a snail-covered altar of Cheibriados.
 46034 | D:24     | Noticed a shadow dragon
 46083 | D:24     | Killed a shadow dragon
 46416 | D:24     | Noticed a sphinx
 46418 | D:24     | Found a portal to a secret trove of treasure.
 46421 | D:24     | Paralysed by a sphinx for 6 turns
 46434 | D:24     | Killed a sphinx
 46914 | D:24     | Received a gift from Nemelex Xobeh
 47034 | D:24     | Noticed a tentacled monstrosity
 47060 | D:24     | Killed a tentacled monstrosity
 48313 | D:25     | Entered Level 25 of the Dungeon
 48313 | D:25     | Noticed Mara
 48317 | D:25     | Noticed a storm dragon
 48317 | D:25     | Noticed JacquesDerrida's illusion
 48319 | D:25     | Killed Mara
 48799 | D:24     | Noticed a lich
 48828 | D:25     | Reached XP level 20. HP: 160/164 MP: 33/33
 49175 | D:25     | Received a gift from Nemelex Xobeh
 49720 | D:25     | Noticed an ancient lich
 49729 | D:25     | Killed an ancient lich
 49975 | D:25     | Noticed an acid blob
 49976 | D:25     | Noticed an acid blob
 50532 | D:25     | Received a gift from Nemelex Xobeh
 50796 | D:26     | Noticed Jorgrun
 50803 | D:25     | Upgraded the game from 0.13-a0-2116-g5cefd36 to 0.13-a0-2133-ge955d09
 50881 | D:26     | HP: 2/164 [yaktaur captain/ bolt (28)]
 51990 | D:25     | Received a gift from Nemelex Xobeh
 52795 | Vaults:1 | Entered Level 1 of the Vaults
 52880 | Vaults:1 | Reached skill level 10 in Charms
 53052 | Vaults:1 | Noticed Aizul
 53059 | Vaults:1 | Received a gift from Nemelex Xobeh
 53070 | Vaults:1 | Killed Aizul
 53070 | Vaults:1 | Reached XP level 21. HP: 141/172 MP: 32/35
 53692 | Vaults:1 | Received a gift from Nemelex Xobeh
 53801 | Vaults:1 | Reached skill level 10 in Spellcasting
 54248 | Vaults:1 | Received a gift from Nemelex Xobeh
 54852 | Vaults:2 | Found a staircase to the Enchanted Forest.
 55010 | Vaults:2 | Received a gift from Nemelex Xobeh
 55011 | Vaults:2 | Slain by a deep troll earth mage

Action                   |  1- 3 |  4- 6 |  7- 9 | 10-12 | 13-15 | 16-18 | 19-21 || total
-------------------------+-------+-------+-------+-------+-------+-------+-------++-------
Melee: Unarmed           |    71 |   209 |   266 |   810 |  1584 |  1289 |  1002 ||  5231
       Demon whip        |       |       |       |       |     1 |       |       ||     1
 Fire: Blowgun           |       |       |       |     8 |       |       |       ||     8
Throw: Dart              |       |       |       |     8 |       |       |       ||     8
 Cast: Infusion          |       |       |       |       |     9 |     2 |       ||    11
       Regeneration      |       |       |       |       |     6 |    28 |    21 ||    55
       Stoneskin         |       |       |       |       |       |    13 |    40 ||    53
Invok: Draw One          |       |       |     9 |    33 |    18 |    17 |    11 ||    88
       Triple Draw       |       |       |       |       |     4 |     3 |     6 ||    13
 Abil: Evoke Teleport Co |       |       |     1 |     4 |       |       |     1 ||     6
       Evoke Berserk Rag |       |       |       |       |       |     2 |       ||     2
Evoke: Wand              |       |     6 |    17 |    29 |    40 |    16 |       ||   108
       Deck              |       |    15 |     9 |    19 |    65 |    32 |    21 ||   161
       Miscellaneous     |       |       |       |       |     3 |       |     1 ||     4
  Use: Potion            |     1 |     1 |     8 |    11 |     6 |    11 |     4 ||    42
       Scroll            |       |     2 |    18 |    21 |    14 |     9 |     2 ||    66
 Stab: Sleeping          |     3 |     8 |     4 |    12 |    29 |    13 |     5 ||    74
       Confused          |       |     1 |     4 |       |       |       |       ||     5
       Betrayed ally     |       |     1 |       |       |     1 |       |       ||     2
       Distracted        |       |       |     1 |     1 |    11 |     3 |     2 ||    18
       Invisible         |       |       |       |       |    11 |       |    17 ||    28
       Fleeing           |       |       |       |       |       |     1 |       ||     1
